 Dungeon Crawl Stone Soup version 0.27.1-3-gb3d3a73c9e (webtiles) character file.

Game seed: 11542579740534264832

82 VictoriousLee the Changer (level 4, -4/28 HPs)
             Began as an Octopode Transmuter on Oct 20, 2021.
             Slain by a gnoll (12 damage)
             ... on level 3 of the Dungeon.
             The game lasted 00:23:06 (2956 turns).

VictoriousLee the Changer (Octopode Transmuter)     Turns: 2956, Time: 00:23:06

Health: -4/28      AC:  1    Str:  9    XL:     4   Next: 43%
Magic:  6/7        EV:  7    Int: 16    God:
Gold:   73         SH:  0    Dex: 12    Spells: 2/7 levels left

rFire    . . .     SeeInvis .   a - +0 short sword
rCold    . . .     Faith    .   (no shield)
rNeg     . . .     Spirit   .   (helmet currently unavailable)
rPois    .         Reflect  .   (no amulet)
rElec    .         Harm     .   (no ring)
rCorr    .         Rampage  .   (no ring)
Will     .....                  (no ring)
Stlth    ++........             (no ring)
HPRegen  0.09/turn              (no ring)
MPRegen  0.10/turn              (no ring)
                                (no ring)
                                (no ring)

@: appendages, held
A: tentacle spike 3, almost no armour, amphibious, 8 rings, camouflage 1,
gelatinous body 1, (nimble swimmer 1), tentacles
a: End Transformation


You were on level 3 of the Dungeon.
One of your tentacles had grown a beastly spike.
You visited 1 branch of the dungeon, and saw 3 of its levels.

You collected 73 gold pieces.

Inventory:

Hand Weapons
 a - a +0 short sword (weapon)
 e - a +0 spear
 h - a +0 hunting sling
 l - a +0 long sword
Missiles
 i - 47 stones
 j - 23 sling bullets
 k - 2 boomerangs
Scrolls
 b - a scroll of magic mapping {unknown}
 d - 2 scrolls of identify {unknown}
 f - a scroll of fear {unknown}
 m - a scroll of teleportation {unknown}
Potions
 c - a potion of curing {unknown}
 g - a potion of might {unknown}


   Skills:
 - Level 1.0 Fighting
 - Level 2.0 Dodging
 - Level 3.0 Unarmed Combat
 - Level 2.0 Spellcasting
 * Level 4.4 Transmutations
 + Level 0.4 Ice Magic


You had 2 spell levels left.
You knew the following spells:

 Your Spells              Type           Power      Damage    Failure   Level
a - Beastly Appendage     Tmut           30%        N/A       3%          1
b - Ice Form              Ice/Tmut       9%         N/A       58%         4

Your spell library contained the following spells:

 Spells                   Type           Power      Damage    Failure   Level
 Wereblood                Tmut           15%        N/A       4%          2
 Spider Form              Tmut/Pois      4%         N/A       26%         3
 Animate Dead             Necr           0%         N/A       90%         4
 Haunt                    Necr/Summ      0%         N/A       100%        7
 Infestation              Necr           0%         N/A       100%        8


Dungeon Overview and Level Annotations

Branches:
Dungeon (3/15)

Altars:
Dithmenos


Innate Abilities, Weirdness & Mutations

One of your tentacles has grown a beastly spike.
You cannot wear most types of armour.
You are amphibious.
You can wear up to eight rings at the same time.
Your skin changes colour to match your surroundings (Stealth+).
Your rubbery body absorbs attacks. (AC +1, EV +1)
((You are camouflaged near water. (Stealth+)))
You have tentacles for arms and can constrict up to eight enemies at once.


Message History

Found a scroll labelled OGGOECH XOCONA.
Found an escape hatch in the ceiling.
j - 23 sling bullets (gained 4)
You now have 73 gold pieces (gained 9).
Found a scroll labelled OGGOECH XOCONA and a throwing net.
A gnoll comes into view. It is wielding a +0 halberd.
You see here a scroll labelled OGGOECH XOCONA.
m - a scroll labelled OGGOECH XOCONA The gnoll shouts!
A gnoll opens the door.
The gnoll shouts!
You open the door.
There is an open door here.
There is an open door here.
Casting: Beastly Appendage (safe; 3% risk of failure)
Press: ? - help, Q - select action, (/) - cycle Dir - look around, f - activate One of your tentacles grows a vicious spike.
There is a stone staircase leading up here.
You hit the gnoll but do no damage. Your grab misses the gnoll.
The gnoll closely misses you.
A gnoll comes into view. It is wielding a +0 whip.
The gnoll shouts!
You hit the gnoll. You grab the gnoll.
You pierce the gnoll.
You squeeze the gnoll.
The gnoll is severely wounded.
You constrict the gnoll. The gnoll barely misses you.
You hit the gnoll.
You kill the gnoll!
A gnoll comes into view. It is wielding a +0 club.
The gnoll throws a throwing net.
The throwing net hits you.
You become entangled in the net!
The gnoll hits you from afar with a +0 halberd!
Unknown command.
You struggle against the net.
The gnoll hits you from afar with a +0 halberd!
* * * LOW HITPOINT WARNING * * *
You struggle against the net.
The gnoll shouts!
The gnoll hits you from afar with a +0 halberd!
You die...

+... ....#.#.#._.#.###
#...###..#...##[##..##
+.............###....#
#....##...##.........#
+.........g..g..g....'
#.........##....##...#
#.....#.g.##.#####...#
#.....)g####+#####...#
####.@#+###.....##...#
##.....>†....###..#
##...........####g#
#............#.....
#######......#..<..#.....
#.....#............#.....
#..................#.....
#..................'.....
#.........##.......#####.


You could see 3 gnolls.

Vanquished Creatures
  A gnoll (D:3)
  An adder (D:2)
  A worm (D:2)
  3 dart slugs
  6 ball pythons
  6 endoplasms
  3 giant cockroaches
  5 goblins
  6 hobgoblins
  3 jackals
  3 quokkas (D:1)
  3 bats
  4 frilled lizards
  2 kobolds (D:1)
  3 rats
50 creatures vanquished.

Notes
Turn   | Place    | Note
-------+----------+-------------------------------------------
     0 | D:1      | VictoriousLee the Octopode Transmuter began the quest for
                  | the Orb.
     0 | D:1      | Reached XP level 1. HP: 13/13 MP: 3/3
   360 | D:1      | Reached XP level 2. HP: 15/18 MP: 3/5
   531 | D:1      | Found a faded altar of an unknown god.
   618 | D:1      | Reached skill level 3 in Transmutations
   936 | D:1      | Reached XP level 3. HP: 21/23 MP: 4/6
  2047 | D:2      | Reached skill level 4 in Transmutations
  2048 | D:2      | Reached XP level 4. HP: 8/28 MP: 5/7
  2401 | D:1      | Learned a level 4 spell: Ice Form
  2827 | D:3      | Found a shadowy altar of Dithmenos.
  2956 | D:3      | Slain by a gnoll

Illustrated notes

Levels and vault maps discovered:
D:1:      heliophobic_arrival_enchanted_forest, layout_basic,
          shapermc_ecumenical_altar_gd, minmay_tromino_v4_c
D:2:      layout_basic, minivault_27
D:3:      layout_basic, nicolae_dithmenos_through_a_glass_darkly

Skill      XL: |  1  2  3 |
---------------+----------+-----
Transmutations | 3 4 |  4.4
Fighting       | |  1.0
Dodging        | |  2.0
Unarmed Combat | |  3.0
Spellcasting   | |  2.0
Ice Magic      | |  0.4

Action                   |  1- 3 |  4- 6 || total
-------------------------+-------+-------++-------
Melee: Short sword       |    76 |    31 ||   107
       Kick              |    13 |     7 ||    20
       Constrict         |    20 |     9 ||    29
       Unarmed           |     3 |       ||     3
       Tentacles         |    14 |     3 ||    17
       Punch             |       |     1 ||     1
 Cast: Beastly Appendage |    23 |     7 ||    30
 Stab: Sleeping          |     4 |       ||     4
Armor: Skin              |     4 |     5 ||     9
Dodge: Dodged            |    41 |    32 ||    73
